 Dungeon Crawl Stone Soup version 0.25-a0-566-g062765be81 (webtiles) character file.

Game seed: 1587753107312900238, levelgen mode: classic

426 EnegeticOcto the Chopper (level 6, -6/57 HPs)
             Began as a Deep Dwarf Fighter on Feb 27, 2020.
             Mangled by a yak (12 damage)
             ... on level 5 of the Dungeon.
             The game lasted 00:00:49 (935 turns).

EnegeticOcto the Chopper (Deep Dwarf Fighter)        Turns: 935, Time: 00:00:50

Health: -6/57      AC:  7    Str: 22    XL:     6   Next: 64%
Magic:  6/6        EV:  9    Int:  8    God:
Gold:   101        SH: 10    Dex: 12    Spells: 5/5 levels left

rFire    . . .     SeeInvis .   a - +0 war axe
rCold    . . .     Gourm    .   c - +0 kite shield
rNeg     . . .     Faith    .   b - +0 scale mail
rPois    .         Spirit   .   (no helmet)
rElec    .         Reflect  .   (no cloak)
rCorr    .         Harm     .   (no gloves)
MR       .....                  (no boots)
Stlth    ..........             (no amulet)
HPRegen  0.00/turn              (no ring)
MPRegen  0.10/turn              (no ring)

@: non-regenerating
A: damage resistance, heal wounds, sense surroundings 1, no regeneration
a: Heal Wounds


You were on level 5 of the Dungeon.
You were hungry.

You visited 1 branch of the dungeon, and saw 7 of its levels.

You collected 101 gold pieces.

Inventory:

Hand Weapons
 a - a +0 war axe (weapon)
Missiles
 f - a throwing net (quivered)
Armour
 b - a +0 scale mail (worn)
 c - a +0 kite shield (worn)
Scrolls
 d - 3 scrolls of identify {unknown}
 i - 2 scrolls of remove curse {unknown}
 j - 2 scrolls of random uselessness {unknown}
 m - a scroll of teleportation {unknown}
 n - a scroll of amnesia {unknown}
 o - a scroll of fear {unknown}
Potions
 g - a potion of curing {unknown}
 k - 3 potions of might {@q3}
 l - a potion of degeneration {unknown}
Comestibles
 e - 2 rations
 h - 6 chunks of flesh


   Skills:
 * Level 4.2 Fighting
 * Level 4.5 Axes
 + Level 4.3 Armour
 + Level 2.7 Dodging
 + Level 4.3 Shields


You had 5 spell levels left.
You didn't know any spells.
Your spell library was empty.

Dungeon Overview and Level Annotations

Branches:
Dungeon (7/15)
 Temple: D:4-7

Altars:
Ashenzari
Qazlal


Innate Abilities, Weirdness & Mutations

You are resistant to damage.
You can heal yourself by infusing magical energy.
You passively map a small area around you.
You do not regenerate.


Message History

An adder comes into view.
A yak comes into view.
The yak closely misses you.
A frilled lizard comes into view.
You hear a bellow!
The adder hisses angrily.
You barely miss the yak.
A yak comes into view.
You block the yak's attack.
You closely miss the yak. You block the yak's attack.
A yak comes into view.
You block the yak's attack.
You hit the yak but do no damage. The yak barely misses you.
You slash the yak!
The yak is moderately wounded.
The yak completely misses you.
A bullfrog skeleton comes into view.
You barely miss the yak.
The yak is moderately wounded.
You block the yak's attack. The yak gores you.
The bullfrog skeleton moves out of view.
You hit the yak but do no damage.
The yak is moderately wounded.
The yak gores you but does no damage. The yak gores you!
You feel much better. The yak gores you.
You hit the yak.
The yak is moderately wounded.
The yak gores you.
You hit the yak.
The yak is heavily wounded.
You barely miss the adder. You block the adder's attack.
The yak completely misses you. You block the adder's attack.
You barely miss the yak.
The yak is heavily wounded.
You slash the adder! You block the yak's attack. You block the adder's attack.
The yak barely misses you.
You miss the adder.
The adder is severely wounded.
You slash the yak! The adder barely misses you. x2
You closely miss the adder.
The adder is severely wounded.
Your shield and scale mail prevent you from hitting the yak.
The adder bites you but does no damage. x2
You barely miss the adder.
The adder is severely wounded.
You slash the yak! You block the adder's attack. You block the yak's attack.
The yak closely misses you.
You hit the yak but do no damage.
The yak is severely wounded.
You hit the yak. You closely miss the adder. The adder bites you.
The yak gores you. The adder bites you. You block the yak's attack.
The yak gores you.
You hit the yak.
The yak is almost dead.
You closely miss the yak. You completely miss the adder.
The adder barely misses you. The adder misses you. You block the yak's attack.
You hit the yak but do no damage.
The yak is almost dead.
You hit the yak. You hit the adder.
You kill the adder!
You hit the yak.
The yak gores you. x2; You block the yak's attack. x2
The yak gores you.
Your shield prevents you from hitting the yak.
The yak is severely wounded.
You hit the yak. You hit the yak but do no damage. You slash the yak!
The yak gores you but does no damage. You block the yak's attack.
The yak gores you but does no damage. The yak gores you! x2
The yak gores you.
You hit the yak.
The yak is almost dead.
You barely miss the yak.
You slash the yak! x2; You block the yak's attack.
The yak gores you!
* * * LOW HITPOINT WARNING * * *
The yak closely misses you. The yak gores you!
* * * LOW HITPOINT WARNING * * *
The yak closely misses you. You block the yak's attack.
You are too injured to fight recklessly!
You are too injured to fight recklessly!
You are too injured to fight recklessly!
You are too injured to fight recklessly!
You are too injured to fight recklessly!
You are too injured to fight recklessly!
You are too injured to fight recklessly!
You are too injured to fight recklessly!
You are too injured to fight recklessly!
You are too injured to fight recklessly!
You are too injured to fight recklessly!
You are too injured to fight recklessly!
You are too injured to fight recklessly!
You are too injured to fight recklessly!
You are too injured to fight recklessly!
You are too injured to fight recklessly!
You are too injured to fight recklessly!
You are too injured to fight recklessly!
You are too injured to fight recklessly!
You are too injured to fight recklessly!
You are too injured to fight recklessly!
You are too injured to fight recklessly!
You are too injured to fight recklessly!
You fail to use your ability.
The yak gores you!
You die... * , , , #.#.## , ,* , , ...... , ,, , , ....#,, * *#lY. * ,, YYY

, * ***
*#.###+###
* *
#l#Y....#
*,* #YY@.#
* #.YY.# ,
, #...##≈
#.#.#
#.#.#*≈ *
#.#.#* ≈≈
#.#.### *
#.#...#* *
, #.....#
,,


You could see 5 yaks and a frilled lizard.

Vanquished Creatures
  An ogre (D:4)
  A bullfrog (D:7)
  A howler monkey (D:6)
  A bullfrog skeleton (D:7)
  2 orc wizards (D:4)
  An iguana (D:4)
  2 worker ants
  An adder (D:5)
  An adder skeleton (D:4)
  A worm (D:3)
  2 leopard geckos (D:4)
  17 orcs
  3 giant cockroaches
  A goblin (D:2)
  A hobgoblin (D:2)
  4 jackals (D:4)
  2 frilled lizards
  2 kobolds (D:2)
  A leopard gecko skeleton (D:4)
  6 rats
51 creatures vanquished.

Notes
Turn   | Place    | Note
-------+----------+-------------------------------------------
     0 | D:1      | EnegeticOcto the Deep Dwarf Fighter began the quest for the
                  | Orb.
     0 | D:1      | Reached XP level 1. HP: 20/20 MP: 1/1
   182 | D:2      | Reached XP level 2. HP: 24/27 MP: 2/2
   270 | D:4      | Noticed an ogre
   284 | D:4      | Killed an ogre
   284 | D:4      | Reached skill level 1 in Dodging
   284 | D:4      | Reached XP level 3. HP: 19/34 MP: 3/3
   284 | D:4      | Reached XP level 4. HP: 23/42 MP: 4/4
   400 | D:4      | Reached XP level 5. HP: 21/49 MP: 5/5
   637 | D:4      | Found a shattered altar of Ashenzari.
   656 | D:4      | Found a stormy altar of Qazlal.
   786 | D:4      | You fall into a shaft and drop 3 floors!
   790 | D:7      | Reached XP level 6. HP: 47/57 MP: 6/6
   886 | D:5      | Entered Level 5 of the Dungeon
   911 | D:5      | Noticed a yak
   914 | D:5      | Noticed a yak
   914 | D:5      | Noticed a yak
   915 | D:5      | Noticed a yak
   916 | D:5      | Noticed a yak
   935 | D:5      | Mangled by a yak

Levels and vault maps discovered:
D:1:      grunt_arrival_lava_bath, layout_basic
D:2:      cheibrodos_fertilizer, layout_basic, chequers_ecumenical_altar_lobes,
          hangedman_abyss_or_decor_stabs, minmay_misc_feat_encased,
          hangedman_decor_growths, minmay_misc_feat_pillars, minmay_tall_x
D:3:      layout_rooms, lemuel_round_altar, first_ration,
          nicolae_qazlal_eye_of_the_storm
D:4:      layout_basic, chequers_temple_overflow_statue_of_worship
D:5:      layout_basic, kennysheep_little_box
D:6:      layout_loops_corners, minmay_temple_entry_proselytizer, uniq_eustachio
D:7:      layout_basic, serial_glass, glass_columns_a, glass_columns_a,
          item_on_display_a, item_on_display_a

Skill      XL: |  1  2  3  4  5 |
---------------+----------------+-----
Fighting       | 3 4 |  4.2
Axes           | 3 4 |  4.5
Dodging        | 1 2 |  2.7
Armour         | 4 |  4.3
Shields        | 4 |  4.3

Action                   |  1- 3 |  4- 6 || total
-------------------------+-------+-------++-------
Melee: War axe           |    58 |   115 ||   173
 Abil: Heal Wounds       |     1 |     3 ||     4
Armor: Scale mail        |    26 |    58 ||    84
Dodge: Dodged            |    23 |    41 ||    64
Block: Kite shield       |    26 |    80 ||   106

Table legend:
 A = Non-vault XP
 B = Vault XP
 C = Vault XP percentage of total XP
 D = Non-vault monster count
 E = Vault monster count
 F = Vault count percentage of total count
                 A         B        C        D         E       F
            +---------+---------+-------+---------+---------+-------
      Total |     608 |       1 |   0.2 |      50 |       1 |   2.0
            +---------+---------+-------+---------+---------+-------
        D:1 |       5 |       0 |   0.0 |       4 |       0 |   0.0
        D:2 |       9 |       1 |  10.0 |       6 |       1 |  14.3
        D:3 |      11 |       0 |   0.0 |       4 |       0 |   0.0
        D:4 |     350 |       0 |   0.0 |      31 |       0 |   0.0
        D:5 |      13 |       0 |   0.0 |       1 |       0 |   0.0
        D:6 |      54 |       0 |   0.0 |       1 |       0 |   0.0
        D:7 |     166 |       0 |   0.0 |       3 |       0 |   0.0
            +---------+---------+-------+---------+---------+-------
